3AAA
HOUSTON BC @ AUGUSTA TIMBER HAWKS
07/21/2034
 
TOP OF THE 1ST
Houston BC batting - Pitching for Augusta Timber Hawks : LHP Coy Broderick
Pitching: LHP Coy Broderick
Batting: RHB Kenneth Noid 0-0: Ball
1-0: Ball
2-0: Ball
3-0: Base on Balls
Batting: RHB Orlando Montejo 0-0: Ball
1-0: Called Strike
1-1: Foul Ball, location: 2F
1-2: Foul Ball, location: 2F
1-2: Fly out, F8 (Flyball, 8LS)
Batting: RHB António López 0-0: Ball
1-0: Called Strike
1-1: SINGLE (Groundball, 4MD)
Kenneth Noid to second
Runner from 2nd tries for 3rd, SAFE, no throw
Batting: RHB Angeddy Almanzar 0-0: Ball
1-0: DOUBLE (Line Drive, 78D)
Kenneth Noid scores
António López to third
Batting: RHB Robby Arnold 0-0: Called Strike
0-1: Called Strike
0-2: Foul Ball, location: 2F
0-2: Ball
1-2: Ball
2-2: Foul Ball, location: 2F
2-2: Ground out 5-3 (Groundball, 56)
António López scores
Batting: RHB Alfredo Mojica 0-0: Called Strike
0-1: Fly out, F3 (Popup, 3F)
Top of the 1st over - 2 runs, 2 hits, 0 errors, 1 left on base; Houston 2 - Augusta 0
BOTTOM OF THE 1ST
Augusta Timber Hawks batting - Pitching for Houston BC : RHP Dru Krebs
Pitching: RHP Dru Krebs
Batting: LHB Seung-soo Ch'ae 0-0: Called Strike
0-1: Ball
1-1: SINGLE (Groundball, 5D)
Batting: RHB Krystof Melichar 0-0: Called Strike
0-1: Fly out, F8 (Flyball, 8RD)
Runner from 1st tags up, SAFE at 2nd
Batting: LHB Mike Goff 0-0: Foul Ball, location: 2F
0-1: SINGLE (Line Drive, 8LS)
Seung-soo Ch'ae to third
Runner from 3rd tries for Home, SAFE, no throw
Batting: SHB Yun-qi Chien 0-0: Ball
1-0: Foul Ball, location: 2F
1-1: Fly out, F9 (Flyball, 9S)
Batting: RHB Jesús Recesvinto 0-0: Ball
1-0: Foul Ball, location: 2F
1-1: Called Strike
1-2: Ball
2-2: Ball
3-2: Foul Ball, location: 2F
3-2: Fly out, F7 (Flyball, 7S)
Bottom of the 1st over - 1 run, 2 hits, 0 errors, 1 left on base; Houston 2 - Augusta 1
TOP OF THE 2ND
Houston BC batting - Pitching for Augusta Timber Hawks : LHP Coy Broderick
Batting: RHB Alba Hidalgo de Jesus 0-0: Swinging Strike
0-1: Swinging Strike
0-2: Ball
1-2: Ball
2-2: Foul Ball, location: 2F
2-2: Ball
3-2: Foul Ball, location: 2F
3-2: Base on Balls
Batting: LHB Sidney Dollarhide 0-0: Foul Ball, location: 2F
0-1: Ball
1-1: Foul Ball, location: 2F
1-2: DOUBLE (Line Drive, 9LD)
Alba Hidalgo de Jesus to third
Batting: RHB Tyler Utterback 0-0: Ground out 5-3 (Groundball, 5)
Batting: RHB Kenneth Noid 0-0: Called Strike
0-1: Ball
1-1: Foul Ball, location: 2F
1-2: SINGLE (Flyball, 9LS)
Alba Hidalgo de Jesus scores
Sidney Dollarhide to third
Runner from 3rd tries for Home, throw and OUT!
Batting: RHB Orlando Montejo 0-0: Called Strike
Kenneth Noid is caught stealing 2nd base
Top of the 2nd over - 1 run, 2 hits, 0 errors, 0 left on base; Houston 3 - Augusta 1
BOTTOM OF THE 2ND
Augusta Timber Hawks batting - Pitching for Houston BC : RHP Dru Krebs
Batting: RHB Uchino Akahito 0-0: Called Strike
0-1: Ground out 6-3 (Groundball, 6)
Batting: LHB Fa-tang Wang 0-0: Ball
1-0: Ball
2-0: Ball
3-0: Called Strike
3-1: Base on Balls
Batting: RHB Dave Yates 0-0: Called Strike
0-1: Ball
1-1: Ball
2-1: Grounds into double play, 5-4-3 (Groundball, 56)
Bottom of the 2nd over - 0 runs, 0 hits, 0 errors, 0 left on base; Houston 3 - Augusta 1
TOP OF THE 3RD
Houston BC batting - Pitching for Augusta Timber Hawks : LHP Coy Broderick
Batting: RHB Orlando Montejo 0-0: Swinging Strike
0-1: SINGLE (Groundball, 6D)
Batting: RHB António López 0-0: Ball
1-0: Called Strike
1-1: Ball
2-1: Ground out 4-3 (Groundball, 34)
Orlando Montejo to second
Batting: RHB Angeddy Almanzar 0-0: Foul Ball, location: 2F
0-1: 2-RUN HOME RUN (Flyball, 7D), Distance : 409 ft
Batting: RHB Robby Arnold 0-0: Ground out 5-3 (Groundball, 5)
Batting: RHB Alfredo Mojica 0-0: Called Strike
0-1: Ball
1-1: Foul Ball, location: 2F
1-2: Ball
2-2: Ground out 6-3 (Groundball, 6S)
Top of the 3rd over - 2 runs, 2 hits, 0 errors, 0 left on base; Houston 5 - Augusta 1
BOTTOM OF THE 3RD
Augusta Timber Hawks batting - Pitching for Houston BC : RHP Dru Krebs
Batting: LHB Randy Sallah 0-0: Ball
1-0: Fly out, F9 (Flyball, 9S)
Batting: LHB Seung-soo Ch'ae 0-0: Ground out 6-3 (Groundball, 6)
Batting: RHB Krystof Melichar 0-0: Fly out, F2 (Popup, 25F)
Bottom of the 3rd over - 0 runs, 0 hits, 0 errors, 0 left on base; Houston 5 - Augusta 1
TOP OF THE 4TH
Houston BC batting - Pitching for Augusta Timber Hawks : LHP Coy Broderick
Batting: RHB Alba Hidalgo de Jesus 0-0: Swinging Strike
0-1: Ball
1-1: Called Strike
1-2: Ball
2-2: Ball
3-2: Base on Balls
Batting: LHB Sidney Dollarhide 0-0: Fly out, F5 (Popup, 5SF)
Batting: RHB Tyler Utterback 0-0: Foul Ball, location: 2F
0-1: Swinging Strike
0-2: Strikes out swinging
Batting: RHB Kenneth Noid 0-0: Called Strike
0-1: Called Strike
0-2: Ball
1-2: Foul Ball, location: 2F
1-2: Ball
2-2: Fly out, F8 (Flyball, 89D)
Top of the 4th over - 0 runs, 0 hits, 0 errors, 1 left on base; Houston 5 - Augusta 1
BOTTOM OF THE 4TH
Augusta Timber Hawks batting - Pitching for Houston BC : RHP Dru Krebs
Batting: LHB Mike Goff 0-0: Foul Ball, location: 2F
0-1: Ball
1-1: SINGLE (Groundball, 34D)
Batting: SHB Yun-qi Chien 0-0: Fly out, F8 (Flyball, 8LM)
Batting: RHB Jesús Recesvinto 0-0: Foul Ball, location: 2F
0-1: Ball
1-1: Swinging Strike
1-2: SINGLE (Flyball, 89S)
Mike Goff to second
Batting: RHB Uchino Akahito 0-0: Swinging Strike
0-1: Ball
1-1: Ball
2-1: Ball
3-1: Base on Balls
Mike Goff to third
Jesús Recesvinto to second
Batting: LHB Fa-tang Wang 0-0: Ball
1-0: Swinging Strike
1-1: Ground out 3-1 (Groundball, 34S)
Mike Goff scores
Jesús Recesvinto to third
Uchino Akahito to second
Batting: RHB Dave Yates 0-0: Ball
1-0: Called Strike
1-1: Swinging Strike
1-2: Ball
2-2: Foul Ball, location: 2F
2-2: Foul Ball, location: 2F
2-2: Foul Ball, location: 2F
2-2: Foul Ball, location: 2F
2-2: Ball
3-2: Foul Ball, location: 2F
3-2: SINGLE (Flyball, 9LS)
Jesús Recesvinto scores
Uchino Akahito to third
Uchino Akahito scores
Batting: LHB Randy Sallah 0-0: Called Strike
0-1: Called Strike
0-2: Ball
1-2: Reached on error, E5 (Groundball, 56)
Dave Yates to second
Batting: LHB Seung-soo Ch'ae 0-0: Fly out, F7 (Flyball, 78D)
Bottom of the 4th over - 3 runs, 3 hits, 1 error, 2 left on base; Houston 5 - Augusta 4
TOP OF THE 5TH
Houston BC batting - Pitching for Augusta Timber Hawks : LHP Coy Broderick
Pitching: RHP Woody Hudson
Batting: RHB Orlando Montejo 0-0: Called Strike
0-1: Foul Ball, location: 2F
0-2: Ball
1-2: Ball
2-2: Ground out 3-1 (Groundball, 34S)
Batting: RHB António López 0-0: Ball
1-0: Ball
2-0: Foul Ball, location: 2F
2-1: Ball
3-1: Swinging Strike
3-2: Strikes out swinging
Batting: RHB Angeddy Almanzar 0-0: Foul Ball, location: 2F
0-1: Ball
1-1: Ball
2-1: Ball
3-1: Swinging Strike
3-2: Foul Ball, location: 2F
3-2: Strikes out swinging
Top of the 5th over - 0 runs, 0 hits, 0 errors, 0 left on base; Houston 5 - Augusta 4
BOTTOM OF THE 5TH
Augusta Timber Hawks batting - Pitching for Houston BC : RHP Dru Krebs
Batting: RHB Krystof Melichar 0-0: Called Strike
0-1: Fly out, F6 (Popup, 6S)
Batting: LHB Mike Goff 0-0: Ball
1-0: Swinging Strike
1-1: Foul Ball, location: 2F
1-2: Fly out, F9 (Line Drive, 9)
Batting: SHB Yun-qi Chien 0-0: Called Strike
0-1: Swinging Strike
0-2: Ball
1-2: Foul Ball, location: 2F
1-2: Foul Ball, location: 2F
1-2: Foul Ball, location: 2F
1-2: Ball
2-2: Foul Ball, location: 2F
2-2: Ground out 4-3 (Groundball, 4D)
Bottom of the 5th over - 0 runs, 0 hits, 0 errors, 0 left on base; Houston 5 - Augusta 4
TOP OF THE 6TH
Houston BC batting - Pitching for Augusta Timber Hawks : RHP Woody Hudson
Batting: RHB Robby Arnold 0-0: Ball
1-0: Ball
2-0: Ball
3-0: Called Strike
3-1: Foul Ball, location: 2F
3-2: Foul Ball, location: 2F
3-2: Foul Ball, location: 2F
3-2: SOLO HOME RUN (Flyball, 7LD), Distance : 382 ft
Batting: RHB Alfredo Mojica 0-0: Called Strike
0-1: Foul Ball, location: 2F
0-2: Strikes out swinging
Batting: RHB Alba Hidalgo de Jesus 0-0: Foul Ball, location: 2F
0-1: Called Strike
0-2: Ball
1-2: Ball
2-2: Ground out 4-3 (Groundball, 4)
Batting: LHB Sidney Dollarhide 0-0: Called Strike
0-1: Called Strike
0-2: Ball
1-2: Ball
2-2: Ground out 4-3 (Groundball, 4)
Top of the 6th over - 1 run, 1 hit, 0 errors, 0 left on base; Houston 6 - Augusta 4
BOTTOM OF THE 6TH
Augusta Timber Hawks batting - Pitching for Houston BC : RHP Dru Krebs
Batting: RHB Jesús Recesvinto 0-0: Called Strike
0-1: Ball
1-1: Foul Ball, location: 2F
1-2: Strikes out swinging
Batting: RHB Uchino Akahito 0-0: Called Strike
0-1: Called Strike
0-2: Ball
1-2: Ball
2-2: Ball
3-2: Base on Balls
Batting: LHB Fa-tang Wang 0-0: SINGLE (Line Drive, 89S)
Uchino Akahito to second
Batting: RHB Dave Yates 0-0: Ball
1-0: SINGLE (Groundball, 56D)
Uchino Akahito to third
Fa-tang Wang to second
Pitching: RHP Bryan Palmer
Batting: LHB Randy Sallah 0-0: Called Strike
0-1: Ball
1-1: Swinging Strike
1-2: Fly out, F9 (Flyball, 89S)
Batting: LHB Seung-soo Ch'ae 0-0: Called Strike
0-1: Fly out, F4 (Line Drive, 4)
Bottom of the 6th over - 0 runs, 2 hits, 0 errors, 3 left on base; Houston 6 - Augusta 4
TOP OF THE 7TH
Houston BC batting - Pitching for Augusta Timber Hawks : RHP Woody Hudson
Batting: RHB Tyler Utterback 0-0: Swinging Strike
0-1: Ball
1-1: Ball
2-1: Ground out U3 (Groundball, 34)
Pitching: RHP Georg von Trapp
Batting: RHB Kenneth Noid 0-0: Foul Ball, location: 2F
0-1: Ball
1-1: Ball
2-1: Foul Ball, location: 2F
2-2: Ground out 6-3 (Groundball, 6M)
Batting: RHB Orlando Montejo 0-0: Called Strike
0-1: Ground out 5-3 (Groundball, 56S)
Top of the 7th over - 0 runs, 0 hits, 0 errors, 0 left on base; Houston 6 - Augusta 4
BOTTOM OF THE 7TH
Augusta Timber Hawks batting - Pitching for Houston BC : RHP Bryan Palmer
Batting: RHB Krystof Melichar 0-0: Foul Ball, location: 2F
0-1: Fly out, F8 (Flyball, 8LD)
Batting: LHB Mike Goff 0-0: Ball
1-0: Ball
2-0: Ball
3-0: Called Strike
3-1: Base on Balls
Batting: SHB Yun-qi Chien 0-0: Called Strike
0-1: Ball
1-1: Fielders Choice at 2nd, 5-4 (Groundball, 56)
Batting: RHB Jesús Recesvinto 0-0: Ball
1-0: Ball
2-0: Ball
Passed Ball!
Yun-qi Chien to second
3-0: Called Strike
3-1: Called Strike
3-2: Base on Balls
Batting: RHB Uchino Akahito 0-0: Foul Ball, location: 2F
0-1: Called Strike
0-2: Ball
1-2: SINGLE (Groundball, 56D)
Yun-qi Chien to third
Jesús Recesvinto to second
Runner from 3rd tries for Home, throw and OUT!
Bottom of the 7th over - 0 runs, 1 hit, 0 errors, 2 left on base; Houston 6 - Augusta 4
TOP OF THE 8TH
Houston BC batting - Pitching for Augusta Timber Hawks : RHP Georg von Trapp
Batting: RHB António López 0-0: Called Strike
0-1: Ball
1-1: SINGLE (Line Drive, 8LS)
Batting: RHB Angeddy Almanzar 0-0: Called Strike
0-1: Called Strike
0-2: Strikes out swinging
Batting: RHB Robby Arnold 0-0: Fly out, F8 (Flyball, 8RD)
Batting: RHB Alfredo Mojica 0-0: Called Strike
0-1: Foul Ball, location: 2F
0-2: Ball
1-2: Ball
2-2: Foul Ball, location: 2F
2-2: SINGLE (Line Drive, 7S)
António López to second
Pitching: RHP Tate Beason
Batting: RHB Alba Hidalgo de Jesus 0-0: Ball
1-0: Ball
2-0: Called Strike
2-1: Ball
3-1: Foul Ball, location: 2F
3-2: Strikes out looking
Top of the 8th over - 0 runs, 2 hits, 0 errors, 2 left on base; Houston 6 - Augusta 4
BOTTOM OF THE 8TH
Augusta Timber Hawks batting - Pitching for Houston BC : RHP Bryan Palmer
Now in RF: Earl Wiley
Batting: LHB Fa-tang Wang 0-0: Called Strike
0-1: Ball
1-1: Ball
2-1: Ball
3-1: Base on Balls
Batting: RHB Dave Yates 0-0: Called Strike
0-1: Foul Ball, location: 2F
0-2: Foul Ball, location: 2F
0-2: Ball
1-2: Ball
2-2: Ball
3-2: Base on Balls
Fa-tang Wang to second
Pitching: LHP Ramón Negrón
Pinch Hitting: SHB Eduardo Pampin 0-0: Grounds into double play, 6-4-3 (Groundball, 6)
Fa-tang Wang to third
Batting: LHB Seung-soo Ch'ae 0-0: Swinging Strike
0-1: Ball
1-1: Ball
2-1: Foul Ball, location: 2F
2-2: Strikes out swinging
Bottom of the 8th over - 0 runs, 0 hits, 0 errors, 1 left on base; Houston 6 - Augusta 4
TOP OF THE 9TH
Houston BC batting - Pitching for Augusta Timber Hawks : RHP Tate Beason
Now at C: Eduardo Pampin
Batting: LHB Sidney Dollarhide 0-0: Called Strike
0-1: Swinging Strike
0-2: Ball
1-2: Ball
2-2: Ground out 1-3 (Groundball, 13)
Batting: RHB Tyler Utterback 0-0: Called Strike
0-1: Called Strike
0-2: Ball
1-2: Ball
2-2: Strikes out swinging
Batting: RHB Kenneth Noid 0-0: Fly out, F8 (Line Drive, 8LD)
Top of the 9th over - 0 runs, 0 hits, 0 errors, 0 left on base; Houston 6 - Augusta 4
BOTTOM OF THE 9TH
Augusta Timber Hawks batting - Pitching for Houston BC : LHP Ramón Negrón
Pitching: RHP Sam White
Now at C: José Perea
Batting: RHB Krystof Melichar 0-0: Ball
1-0: Ball
2-0: Ball
3-0: Base on Balls
Batting: LHB Mike Goff 0-0: Swinging Strike
0-1: Ball
1-1: Ball
2-1: DOUBLE (Line Drive, 89XD)
Krystof Melichar to third
Batting: SHB Yun-qi Chien 0-0: Ball
1-0: Ball
2-0: Ball
3-0: Called Strike
3-1: Fly out, F7 (Flyball, 7)
Batting: RHB Jesús Recesvinto 0-0: Foul Ball, location: 2F
0-1: 3-RUN HOME RUN (Flyball, 9D), Distance : 389 ft
Friday, March 29th, 2019 - OOTP Baseball 18.8 Build 76